 Dungeon Crawl Stone Soup version 0.26-a0-837-g5a8a614f01 (webtiles) character file.

Game seed: 1843720435472266453

367 BuffBuff the Skirmisher (level 6, -4/39 HPs)
             Began as a Gargoyle Fighter on Nov 18, 2020.
             Slain by an iguana (9 damage)
             ... on level 4 of the Dungeon.
             The game lasted 00:07:19 (1987 turns).

BuffBuff the Skirmisher (Gargoyle Fighter)          Turns: 1987, Time: 00:07:20

Health: -4/39      AC: 15    Str: 22    XL:     6   Next: 69%
Magic:  6/6        EV:  5    Int:  8    God:
Gold:   63         SH:  9    Dex:  9    Spells: 5/5 levels left

rFire    . . .     SeeInvis .   k - +2 mace (vorpal)
rCold    . . .     Faith    .   c - +0 kite shield
rNeg     + . .     Spirit   .   n - +0 chain mail
rPois    ∞         Reflect  .   (no helmet)
rElec    +         Harm     .   (no cloak)
rCorr    .         Rampage  .   t - +0 pair of gloves
MR       .....                  (no boots)
Stlth    ..........             (no amulet)
HPRegen  0.13/turn              (no ring)
MPRegen  0.10/turn              (no ring)

@: no status effects
A: negative energy resistance 1, electricity resistance, unbreathing,
petrification resistance, rot immunity, AC +4
a: no special abilities


You were on level 4 of the Dungeon.
You visited 1 branch of the dungeon, and saw 4 of its levels.

You collected 63 gold pieces.

Inventory:

Hand Weapons
 a - a +0 flail
 k - a +2 vorpal mace (weapon)
Missiles
 p - 21 poisoned darts (quivered)
Armour
 b - a +0 scale mail
 c - a +0 kite shield (worn)
 n - a +0 chain mail (worn)
 t - a +0 pair of gloves (worn)
Jewellery
 h - a cursed ring of teleportation {unknown}
Scrolls
 e - 2 scrolls of fog
 g - 6 scrolls of identify
 m - a scroll of remove curse
 o - 2 scrolls of blinking {unknown}
 r - 2 scrolls of teleportation {unknown}
 v - a scroll of random uselessness {unknown}
Potions
 i - a potion of ambrosia {unknown}
 j - 2 potions of flight {unknown}
 l - a potion of curing {unknown}
 q - a potion of haste {unknown}
 s - a potion of attraction {unknown}
 u - a potion of magic {unknown}


   Skills:
 + Level 4.6 Fighting
 * Level 4.5 Maces & Flails
 + Level 4.6 Armour
 + Level 4.6 Shields


You had 5 spell levels left.
You didn't know any spells.
Your spell library was empty.

Dungeon Overview and Level Annotations

Branches:
Dungeon (4/15)
 Temple: D:4-7

Altars:
Fedhas
Nemelex Xobeh
Wu Jian


Innate Abilities, Weirdness & Mutations

You are resistant to torment.
Your stone body is resilient. (AC +4)
You are immune to poison.
You resist negative energy. (rN+)
You are resistant to electric shocks. (rElec)
You can survive without breathing.
You are immune to petrification.
You are immune to rotting.


Message History

The iguana bites you!
* * * LOW HITPOINT WARNING * * *
The leopard gecko bites you.
* * * LOW HITPOINT WARNING * * *
You closely miss the iguana.
The iguana is heavily wounded.
The iguana bites you.
* * * LOW HITPOINT WARNING * * *
The leopard gecko bites you but does no damage.
You hit the iguana.
The iguana is severely wounded.
The leopard gecko bites you but does no damage.
The iguana bites you but does no damage.
You block the leopard gecko's attack.
You hit the iguana but do no damage.
The iguana is heavily wounded.
You block the iguana's attack. The leopard gecko bites you.
* * * LOW HITPOINT WARNING * * *
The iguana bites you!
You die...

...# #.........
..##.!.......
#...........
#...........
#....# .....
#...##......
######...##......
......l.##.......
.......@.[...#
.......)l..##....
..........## .
..........#
#...........
#............
..##....#####..
.. ##..## # #.#


You could see an iguana and a leopard gecko.

Vanquished Creatures
  Sigmund (D:4)
  A howler monkey (D:3)
  A worker ant (D:4)
  9 adders
  3 worms (D:3)
  A dart slug (D:2)
  4 leopard geckos (D:3)
  3 orcs
  A ball python (D:2)
  2 giant cockroaches
  3 hobgoblins
  2 jackals (D:3)
  A quokka (D:3)
  4 bats
  8 frilled lizards
  7 goblins
  11 kobolds
  3 rats
65 creatures vanquished.

Vanquished Creatures (others)
  15 plants
15 creatures vanquished.

Grand Total: 80 creatures vanquished

Notes
Turn   | Place    | Note
-------+----------+-------------------------------------------
     0 | D:1      | BuffBuff the Gargoyle Fighter began the quest for the Orb.
     0 | D:1      | Reached XP level 1. HP: 14/14 MP: 1/1
   241 | D:1      | Reached XP level 2. HP: 17/19 MP: 2/2
   884 | D:2      | Reached XP level 3. HP: 23/23 MP: 3/3
  1061 | D:2      | Reached XP level 4. HP: 29/29 MP: 4/4
  1441 | D:3      | Reached XP level 5. HP: 30/33 MP: 5/5
  1508 | D:3      | Found a sparkling altar of Nemelex Xobeh.
  1509 | D:3      | Found an ornate altar of the Wu Jian Council.
  1512 | D:3      | Found a blossoming altar of Fedhas.
  1813 | D:4      | Noticed Sigmund
  1928 | D:4      | Killed Sigmund
  1929 | D:4      | Reached XP level 6. HP: 39/39 MP: 6/6
  1987 | D:4      | Slain by an iguana

Illustrated notes

Levels and vault maps discovered:
D:1:      dpeg_arrival_rooms_a, layout_rooms
D:2:      layout_rooms, serial_bayou_lake_a
D:3:      layout_rooms, grunt_temple_overflow_open, minmay_stone_trees_small
D:4:      layout_layer_cave, nicolae_overflow_crystal_walls,
          nicolae_gozag_cash_rules_everything_around_me, minmay_lizard_king,
          uniq_sigmund

Skill      XL: |  1  2  3  4  5 |
---------------+----------------+-----
Maces & Flails | 3 4 |  4.5
Shields        | 4 |  4.6
Armour         | 4 |  4.6
Fighting       | 4 |  4.6

Action                   |  1- 3 |  4- 6 || total
-------------------------+-------+-------++-------
Melee: Flail             |    46 |       ||    46
       Mace              |    58 |   113 ||   171
  Use: Scroll            |     4 |       ||     4
       Potion            |       |     2 ||     2
Armor: Scale mail        |    78 |    22 ||   100
       Chain mail        |       |    60 ||    60
Dodge: Dodged            |    30 |    26 ||    56
Block: Kite shield       |    79 |    59 ||   138

Table legend: (Time is in decaauts)
 A = Elapsed time spent in this place.
 B = Non-inter-level travel time spent in this place.
 C = Inter-level travel time spent in this place.
 D = Time resting spent in this place.
 E = Time spent auto-exploring this place.
 F = Levels seen in this place.
 G = Mean time per level.
                   A        B        C        D        E       F      G
               +--------+--------+--------+--------+--------+-----+--------+
         Total |   2089 |   2030 |     59 |    545 |    937 |   4 |  522.2 |
       Dungeon |   2089 |   2030 |     59 |    545 |    937 |   4 |  522.2 |
               +--------+--------+--------+--------+--------+-----+--------+

Top non-repeatable levels by time:
     D:2: 702 daAuts
     D:1: 692 daAuts
     D:3: 610 daAuts
     D:4: 84 daAuts
